 Dungeon Crawl Stone Soup version 0.31.0-11-ge490571c62 (webtiles) character file.

Game seed: 10411146759203985977

72 qw the Shooter (level 4, 0/25 HPs)
             Began as a Deep Elf Hunter on Feb 4, 2024.
             Slain by Sigmund
             ... wielding a +0 scythe
              (3 damage)
             ... on level 2 of the Dungeon.
             The game lasted 00:00:05 (972 turns).

qw the Shooter (Deep Elf Hunter)                     Turns: 972, Time: 00:00:05

Health: 0/25       AC:  6    Str: 10    XL:     4   Next: 7%
Magic:  6/6        EV: 11    Int: 14    God:
Gold:   112        SH:  0    Dex: 18    Spells: 3/3 levels left

rFire   . . .        a - +0 shortbow
rCold   . . .        (shield currently unavailable)
rNeg    . . .        e - +0 ring mail
rPois   .            (no helmet)
rElec   .            (no cloak)
rCorr   .            g - +0 pair of gloves
SInv    .            (no boots)
Will    .....        (no amulet)
Stlth   +            (no ring)
HPRegen 0.24/turn    (no ring)
MPRegen 0.10/turn

%: no passive effects
@: no status effects
A: no striking features
a: no special abilities


You were on level 2 of the Dungeon.
You visited 1 branch of the dungeon, and saw 2 of its levels.

You collected 112 gold pieces.


   Skills:
 - Level 1.5 Fighting
 + Level 7.5 Ranged Weapons
 - Level 2.4 Dodging
 - Level 1.2 Stealth


You had 3 spell levels left.
You didn't know any spells.
Your spell library was empty.

Inventory:

Hand Weapons
 a - a +0 shortbow (weapon)
Armour
 e - a +0 ring mail (worn)
 g - a +0 pair of gloves (worn)
Scrolls
 c - 2 scrolls of identify
 d - a scroll of blinking {unknown}
Potions
 b - a potion of magic {unknown}
 f - a potion of invisibility {unknown}

Dungeon Overview and Level Annotations

Branches:
Dungeon (2/15)

Altars:

Annotations:
D:2 Sigmund


Message History

962 ||| RETREEEEATING.
Enter note:
963 ||| RETREEEEATING.
The adder attacks as it pursues you! The adder bites you.
You shoot an arrow. The arrow closely misses the adder.
The arrow hits the quokka.
The quokka is heavily wounded.
The adder barely misses you. x2
You shoot an arrow. The arrow hits the adder!
You kill the adder!
Sigmund hits you from afar with a +0 scythe.
The quokka barely misses you.
You have reached level 4!
You feel clever.
You shoot an arrow. The arrow closely misses the quokka.
The arrow hits the rat.
The rat is moderately wounded.
Sigmund barely misses you.
The quokka bites you but does no damage.
You shoot an arrow.
The arrow hits the quokka but does no damage.
The quokka is heavily wounded.
The quokka closely misses you.
Sigmund hits you from afar with a +0 scythe!
The quokka closely misses you.
You shoot an arrow. The arrow hits the quokka.
You kill the quokka!
Sigmund hits you from afar with a +0 scythe.
You shoot an arrow. The arrow barely misses the rat.
The rat closely misses you.
You shoot an arrow. The arrow hits the rat.
You kill the rat!
Sigmund closely misses you.
You shoot an arrow. The arrow completely misses Sigmund.
Sigmund looks at you with fury. Sigmund casts a spell at you.
The puff of flame misses you.
You shoot an arrow. The arrow hits Sigmund!
Sigmund is moderately wounded.
Sigmund hits you from afar with a +0 scythe.
You die...
Sigmund begins carving another notch in his scythe.

########## #........#
#...%....# #........#
##################@.......#
##
................@%...>....#
...
).......##########........#
.... ...........#
###........# .....
.#.).......#
#..........#.@....
.#.......).# #..........%#
.####......#
#...........#.# .#
#......###......###+##.# ##
#............(..# .#
#####.....#.........# .#


You could see Sigmund.

Vanquished Creatures
  4 adders
  4 bats
  5 endoplasms
  5 goblins
  2 hobgoblins (D:1)
  2 quokkas (D:2)
  2 ball pythons
  4 frilled lizards
  A kobold (D:2)
  13 rats
42 creatures vanquished.

Notes
Turn   | Place    | Note
-------+----------+-------------------------------------------
     0 | D:1      | qw the Deep Elf Hunter began the quest for the Orb.
     0 | D:1      | Reached XP level 1. HP: 12/12 MP: 3/3
     0 | D:1      | 0 ||| qw: Version: 0.3-a-160-g6735b56
     0 | D:1      | 0 ||| qw: Game counter: 4995
     0 | D:1      | 0 ||| qw: Melee chars always use a shield: true
     0 | D:1      | 0 ||| qw: God list: Okawaru
     0 | D:1      | 0 ||| qw: Allow faded altars: false
     0 | D:1      | 0 ||| qw: Do Orc after clearing Dungeon:15 true
     0 | D:1      | 0 ||| qw: Do second Lair branch before Depths: true
     0 | D:1      | 0 ||| qw: Lair rune preference: random
     0 | D:1      | 0 ||| qw: Goals: Normal
     0 | D:1      | 0 ||| PLANNING D:1-11
   205 | D:1      | Reached XP level 2. HP: 16/16 MP: 4/4
   207 | D:1      | Reached skill level 6 in Ranged Weapons
   595 | D:1      | 595 ||| UPGRADING to +0 ring mail.
   605 | D:1      | 605 ||| DROPPING +0 leather armour.
   606 | D:1      | 606 ||| DROPPING +2 robe of willpower.
   607 | D:1      | 607 ||| UPGRADING to +0 pair of gloves.
   612 | D:1      | 612 ||| READING scroll labelled RIPEWAE VYPRO.
   613 | D:1      | 613 ||| DROPPING scroll of butterflies.
   657 | D:2      | 657 ||| STAIRDANCE
   666 | D:1      | Reached XP level 3. HP: 9/20 MP: 5/5
   800 | D:2      | Reached skill level 7 in Ranged Weapons
   953 | D:2      | Noticed Sigmund
   954 | D:2      | 954 ||| RETREEEEATING.
   956 | D:2      | 956 ||| RETREEEEATING.
   957 | D:2      | 957 ||| RETREEEEATING.
   958 | D:2      | 958 ||| RETREEEEATING.
   959 | D:2      | 959 ||| RETREEEEATING.
   960 | D:2      | 960 ||| RETREEEEATING.
   961 | D:2      | 961 ||| RETREEEEATING.
   962 | D:2      | 962 ||| RETREEEEATING.
   963 | D:2      | 963 ||| RETREEEEATING.
   966 | D:2      | Reached XP level 4. HP: 12/25 MP: 6/6
   967 | D:2      | HP: 6/25 [Sigmund/+0 scythe (7)]
   968 | D:2      | HP: 2/25 [Sigmund/+0 scythe (4)]
   972 | D:2      | Slain by Sigmund

Levels and vault maps discovered:
D:1:      minmay_arrival_plants_in_alcoves, layout_loops_ring,
          minmay_rat_gold_closets
D:2:      layout_basic, minmay_pentomino_x4, uniq_sigmund

Skill      XL: |  1  2  3 |
---------------+----------+-----
Ranged Weapons | 6 7 |  7.5
Fighting       | |  1.5
Dodging        | |  2.4
Stealth        | |  1.2

Action                     |  1- 3 |  4- 6 || total
---------------------------+-------+-------++-------
   Fire: Shortbow          |   108 |     7 ||   115
    Use: Scroll            |     1 |       ||     1
 Armour: Leather armour    |     7 |       ||     7
         Ring mail         |    35 |     4 ||    39
  Dodge: Dodged            |    41 |     6 ||    47

Table legend:
 A = Non-vault XP
 B = Vault XP
 C = Vault XP percentage of total XP
 D = Non-vault monster count
 E = Vault monster count
 F = Vault count percentage of total count
                 A         B        C        D         E       F
            +---------+---------+-------+---------+---------+-------
      Total |      95 |       9 |   8.7 |      33 |       9 |  21.4
            +---------+---------+-------+---------+---------+-------
        D:1 |      36 |       9 |  20.0 |      17 |       9 |  34.6
        D:2 |      59 |       0 |   0.0 |      16 |       0 |   0.0
            +---------+---------+-------+---------+---------+-------
